 Dungeon Crawl Stone Soup version 0.22.1-2-g9c5b331 (webtiles) character file.

1408 Lauz the Carver (level 8, -3/102 HPs)
             Began as a Minotaur Gladiator on Dec 3, 2018.
             Was an Initiate of Yredelemnul.
             Slain by an orc warrior
             ... wielding a cursed +0 war axe
              (15 damage)
             ... on level 5 of the Dungeon.
             The game lasted 00:11:07 (5174 turns).

Lauz the Carver (Minotaur Gladiator)                Turns: 5174, Time: 00:11:08

Health: -3/102     AC:  8    Str: 27    XL:     8   Next: 42%
Magic:  7/7        EV: 11    Int:  5    God:    Yredelemnul [......]
Gold:   308        SH:  3    Dex: 11    Spells: 7/7 levels left

rFire    + . .     SeeInvis .   a - +0 long sword
rCold    . . .     Gourm    .   C - +0 buckler
rNeg     . . .     Faith    .   t - +1 ring mail {rF+}
rPois    .         Spirit   .   c - +0 hat
rElec    .         Reflect  .   q - +0 cloak
rCorr    .         Harm     .   (no gloves)
MR       .....                  (no boots)
Stlth    ..........             j - amulet of rage
HPRegen  0.27/turn              (no ring)
MPRegen  0.10/turn              (no ring)

@: berserking, starving, very quick
A: retaliatory headbutt, horns 2
a: Renounce Religion, Evoke Berserk Rage


You were on level 5 of the Dungeon.
You worshipped Yredelemnul.
Yredelemnul was noncommittal.
You were starving.

You visited 2 branches of the dungeon, and saw 7 of its levels.

You collected 308 gold pieces.

Inventory:

Hand Weapons
 a - a +0 long sword (weapon)
 w - the +8 spear "Lauz's Peril" {antimagic, Int+5}
   (You found it on level 4 of the Dungeon)

   It reduces the magical energy of the wielder, and disrupts the spells and
   magical abilities of those hit.
   Natural abilities and divine invocations are not affected.
   It affects your intelligence (+5).
 A - the +10 scythe "Feebee" {speed, *Noise rElec rN++, unknown}
   (You found it on level 4 of the Dungeon)

   Attacks with this weapon are significantly faster.
   It insulates you from electricity.
   It greatly protects you from negative energy.
   It may make noises in combat.
Missiles
 d - 3 throwing nets (quivered)
Armour
 b - a +0 leather armour
 c - a +0 hat (worn)
 q - a +0 cloak (worn)
 t - a +1 ring mail of fire resistance (worn)
 y - a +0 plate armour
 C - a +0 buckler (worn)
Jewellery
 j - an amulet of rage (around neck)
 z - an uncursed amulet of harm {unknown}
 B - an uncursed amulet of regeneration {unknown}
Wands
 s - a wand of iceblast (6)
 x - a wand of flame (43)
 F - a wand of clouds (5)
Scrolls
 i - 7 scrolls of remove curse
 k - 5 scrolls of identify
 l - 2 scrolls of immolation {unknown}
 m - 3 scrolls of amnesia {unknown}
 p - 3 scrolls of fog {unknown}
 u - 4 scrolls of teleportation {unknown}
 v - a scroll of enchant weapon {unknown}
 E - a scroll of magic mapping {unknown}
 G - a scroll of noise {unknown}
Potions
 e - a potion of might
 g - 4 potions of heal wounds {unknown}
 h - 2 potions of curing {unknown}
 n - 3 potions of haste
 o - a potion of degeneration {unknown}
 r - a potion of brilliance {unknown}
Comestibles
 f - 13 rations


   Skills:
 + Level 5.0 Fighting
 * Level 11.1 Long Blades
 - Level 2.0 Throwing
 + Level 4.0 Armour
 - Level 3.3 Dodging
 + Level 0.4 Shields
 - Level 0.8 Evocations


You had 7 spell levels left.
You didn't know any spells.
Your spell library was empty.

Dungeon Overview and Level Annotations

Branches:
Dungeon (6/15)             Temple (1/1) D:5

Altars:
Ashenzari
Cheibriados
Dithmenos
Elyvilon
Fedhas
Gozag
Hepliaklqana
Kikubaaqudgha
Makhleb
Nemelex Xobeh
Okawaru
Qazlal
Ru
Sif Muna
Trog
Uskayaw
Vehumet
Wu Jian
Xom
Yredelemnul
The Shining One


Innate Abilities, Weirdness & Mutations

You reflexively headbutt those who attack you in melee.
You have a pair of horns on your head.


Message History

The orc warrior is lightly wounded.
You slash the orc warrior!
The orc warrior is heavily wounded.
The orc warrior hits you with a war axe!
* * * LOW HITPOINT WARNING * * *
Your shield prevents you from hitting the orc warrior.
Your headbutt misses the orc warrior.
The orc warrior is heavily wounded.
You hit the orc warrior but do no damage.
The orc warrior is heavily wounded.
The orc warrior hits you with a war axe!
* * * LOW HITPOINT WARNING * * *
You hit the orc warrior but do no damage.
Your headbutt misses the orc warrior.
The orc warrior is heavily wounded.
You barely miss the orc warrior.
The orc warrior is heavily wounded.
The orc warrior hits you with a war axe!
You die...
Your body rises from the dead as a mindless zombie.

### ##.# ####### ##
###.## #####.....#
###. ##..##
##..##..##.# ####..#
#...#
##........#.####....##
#...##
#.....o............##
#....##
#....@......######## #
##....## ##........#.#
#
##....####........#.#
##
##....##...........#
.##
###...#..........##
..## ###..#........##
#### ...##
##.##..##..## ##..#
....## ##..#####.#
##.### #....##
##..###..# ##.##


You could see an orc warrior.

Vanquished Creatures
  Grinder (D:3)
  Sigmund (D:2)
  Menkaure (D:4)
  An ice beast (D:5)
  2 ogres (D:4)
  A phantom (D:5)
  A gnoll shaman (D:3)
  4 orc priests (D:5)
  A hound (D:4)
  Crazy Yiuf (D:2)
  A centaur skeleton (D:4)
  An iguana (D:5)
  2 orc wizards (D:4)
  2 worker ants (D:4)
  3 gnolls (D:4)
  9 adders
  2 shadow imps
  2 dart slugs
  3 leopard geckos
  10 orcs
  3 ball pythons (D:1)
  A giant cockroach (D:4)
  6 goblins
  8 hobgoblins
  9 jackals
  7 kobolds
  4 quokkas
  11 bats
  5 frilled lizards
  5 rats
  2 fungi (D:2)
110 creatures vanquished.

Notes
Turn   | Place    | Note
-------+----------+-------------------------------------------
     0 | D:1      | Lauz the Minotaur Gladiator began the quest for the Orb.
     0 | D:1      | Reached XP level 1. HP: 18/18 MP: 0/0
   130 | D:1      | Reached skill level 4 in Long Blades
   131 | D:1      | Reached XP level 2. HP: 25/25 MP: 1/1
   725 | D:2      | Reached XP level 3. HP: 30/30 MP: 2/2
   747 | D:2      | Reached skill level 5 in Long Blades
  1100 | D:2      | Noticed Sigmund
  1110 | D:2      | Killed Sigmund
  1110 | D:2      | Reached skill level 7 in Long Blades
  1110 | D:2      | Reached XP level 4. HP: 38/38 MP: 3/3
  1110 | D:2      | Reached XP level 5. HP: 45/45 MP: 4/4
  1496 | D:2      | Found a runed door.
  1500 | D:2      | Noticed Crazy Yiuf
  1504 | D:2      | Killed Crazy Yiuf
  1722 | D:3      | Noticed Grinder
  1730 | D:3      | Killed Grinder
  1730 | D:3      | Reached skill level 8 in Long Blades
  1730 | D:3      | Reached XP level 6. HP: 52/52 MP: 5/5
  2179 | D:4      | Reached XP level 7. HP: 58/58 MP: 6/6
  2304 | D:4      | Got a smoking spear
  2349 | D:4      | Reached skill level 9 in Long Blades
  2979 | D:4      | Noticed Menkaure
  2985 | D:4      | Got a crystal scythe
  3014 | D:4      | Killed Menkaure
  3014 | D:4      | Reached skill level 1 in Armour
  3036 | D:4      | Reached skill level 10 in Long Blades
  3537 | D:5      | Entered Level 5 of the Dungeon
  3872 | D:5      | Reached XP level 8. HP: 60/67 MP: 7/7
  4226 | D:5      | Identified the +8 spear "Lauz's Peril" {antimagic, Int+5}
                  | (You found it on level 4 of the Dungeon)
  4556 | D:5      | Reached skill level 11 in Long Blades
  4647 | D:5      | Reached skill level 5 in Fighting
  4733 | D:5      | Found a staircase to the Ecumenical Temple.
  4741 | Temple   | Entered the Ecumenical Temple
  4905 | Temple   | Became a worshipper of Yredelemnul the Dark
  5174 | D:5      | Slain by an orc warrior

Skill      XL: |  1  2  3  4  5  6  7  8 |
---------------+-------------------------+-----
Long Blades    | 4 7 8 10 11 | 11.1
Fighting       | 3 4 5 |  5.0
Armour         | 2 4 |  4.0
Throwing       | |  2.0
Dodging        | |  3.3
Shields        | |  0.4
Evocations     | |  0.8

Action                   |  1- 3 |  4- 6 |  7- 9 || total
-------------------------+-------+-------+-------++-------
Melee: Long sword        |    64 |    68 |   128 ||   260
       Headbutt          |    14 |    15 |    30 ||    59
 Abil: Evoke Berserk Rag |     1 |     1 |     2 ||     4
Evoke: Wand              |       |       |     2 ||     2
  Use: Scroll            |       |     2 |       ||     2
  Eat: Chunk             |       |     6 |     9 ||    15
Armor: Leather armour    |    10 |     7 |       ||    17
       Ring mail         |       |    12 |    40 ||    52
Dodge: Dodged            |    52 |    30 |    68 ||   150
Block: Buckler           |       |       |    13 ||    13
       Rpst.: Long sword |    13 |     8 |    17 ||    38
